Sharks vs Flames
Created - January 27, 2022 at 19:55
Goals
|
| Sharks |
0 |
1 |
0 |
1 |
| Flames |
1 |
0 |
3 |
4 |
|
Shots
|
| Sharks |
5 |
12 |
6 |
23 |
| Flames |
14 |
11 |
12 |
37 |
|
1st period
1. Flames , Jimmy Hayes 10 (Eric Staal 15, Erik Johnson 17) at 16:05
Penalties :
Brandon Dubinsky (S.J) for Tripping (Minor) at 11:08
2nd period
2. Sharks , Drew Doughty 5 (Corey Perry 7) at 7:44 (PP)
Penalties :
Nick Palmieri (S.J) for Interference (Minor) at 2:59, Erik Johnson (Cal) for Hooking (Minor) at 7:32, David Backes (Cal) for Interference (Minor) at 12:30
3rd period
3. Flames , David Backes 8 (Erik Johnson 18, Sami Vatanen 6) at 1:52
4. Flames , Jimmy Hayes 11 (Erik Johnson 19, Colin Wilson 7) at 17:35
5. Flames , Tanner Pearson 5 (Patrik Berglund 11, Erik Johnson 20) at 19:07 (PP)
Penalties :
Alexander Semin (Cal) for Hooking (Minor) at 2:16, Brandon Dubinsky (S.J) for Hooking (Minor) at 10:26, Nick Palmieri (S.J) for Hooking (Minor) at 17:54, Dion Phaneuf (S.J) for Hooking (Minor) at 19:22
Goalie Stats
Ryan Miller (S.J), 33 saves from 37 shots - (0.892), L, 4-10-4, 60:00 minutes
Henrik Lundqvist (Cal), 22 saves from 23 shots - (0.957), W, 8-8-2, 60:00 minutes
Players Stats for Sharks
Player Name G A P +/- PIM S H SB GA TA FO MP PP MP PK MP
------------------------------------------------------------------------------------
Bobby Butler 0 0 0 -1 0 1 2 0 0 0 0/0 14:09 0:06 0:00
Boone Jenner 0 0 0 -1 0 2 2 0 0 0 5/9 16:02 0:06 1:50
Brandon Dubinsky 0 0 0 -1 4 4 1 2 1 0 4/10 14:40 1:40 0:39
Brayden McNabb 0 0 0 -1 0 0 0 0 0 0 0/0 11:36 0:00 0:00
Corban Knight 0 0 0 0 0 0 2 0 0 0 1/2 6:00 0:00 0:00
Corey Perry 0 1 1 -1 0 1 2 0 0 0 2/4 19:02 2:24 0:00
David Booth 0 0 0 -1 0 1 0 0 0 1 0/1 22:35 1:40 5:18
Dion Phaneuf 0 0 0 0 2 1 1 2 1 1 0/0 26:20 3:15 4:24
Drew Doughty 1 0 1 0 0 5 1 2 1 3 0/0 29:26 3:15 5:01
Gilbert Brule 0 0 0 -1 0 2 2 1 1 0 17/36 24:20 2:24 5:18
Karl Alzner 0 0 0 -2 0 0 1 0 0 2 0/0 19:01 0:55 2:46
Milan Michalek 0 0 0 -1 0 1 1 0 0 1 1/1 16:28 1:40 2:27
Nick Palmieri 0 0 0 -1 4 1 1 0 0 1 0/1 19:07 2:24 0:00
Oskar Osala 0 0 0 0 0 0 0 0 0 0 0/0 6:00 0:00 0:00
Patrick Wey 0 0 0 0 0 0 0 0 0 0 0/0 2:37 0:00 0:00
Steve Eminger 0 0 0 -1 0 0 0 0 0 0 0/0 12:05 0:00 0:37
Tyler Cuma 0 0 0 -2 0 3 1 0 0 1 0/0 19:02 0:55 2:46
Zach Boychuk 0 0 0 -1 0 1 2 0 0 0 0/0 13:38 0:06 0:02
Players Stats for Flames
Player Name G A P +/- PIM S H SB GA TA FO MP PP MP PK MP
------------------------------------------------------------------------------------
Alexander Semin 0 0 0 1 2 1 2 0 0 0 1/1 20:52 4:32 0:00
Anders Lee 0 0 0 0 0 1 0 0 0 0 2/6 9:34 0:00 0:24
Brad Marchand 0 0 0 2 0 3 1 0 0 1 0/0 13:01 0:00 0:24
Brendan Mikkelson 0 0 0 0 0 0 1 1 0 0 0/0 17:06 0:00 2:58
Bryan Rust 0 0 0 0 0 0 0 0 0 0 0/0 13:15 0:00 2:52
Christian Folin 0 0 0 0 0 1 3 1 1 1 0/0 21:02 2:35 1:24
Colin Wilson 0 1 1 0 0 2 0 0 2 0 2/6 10:23 0:00 0:00
David Backes 1 0 1 1 2 9 4 0 4 1 1/2 20:38 4:32 0:00
David Savard 0 0 0 0 0 0 2 0 0 0 0/0 14:26 0:00 1:12
David Ullstrom 0 0 0 0 0 0 1 0 0 0 0/0 8:56 0:00 0:00
Eric Staal 0 1 1 1 0 5 2 0 1 0 17/30 21:33 4:32 0:54
Erik Johnson 0 4 4 3 2 1 1 0 0 1 0/0 27:35 5:12 2:46
Esa Lindell 0 0 0 0 0 1 0 0 0 0 0/0 16:42 2:35 0:00
Jimmy Hayes 2 0 2 2 0 4 4 0 0 0 1/1 15:38 3:15 0:00
Kyle Palmieri 0 0 0 0 0 3 1 1 0 0 0/0 9:50 0:00 0:54
Patrik Berglund 0 1 1 2 0 4 0 1 0 0 10/18 18:30 3:15 2:52
Sami Vatanen 0 1 1 3 0 1 2 1 1 0 0/0 23:08 5:12 0:00
Tanner Pearson 1 0 1 0 0 1 1 0 1 0 0/0 13:38 3:15 0:00
3 Stars
1 - Jimmy Hayes (Cal)
2 - Erik Johnson (Cal)
3 - Sami Vatanen (Cal)
Power Play
Sharks - 1 on 3 Attempt(s) - 33.33%
Flames - 1 on 5 Attempt(s) - 20.00%
Penalty Kill
Sharks - 4 on 5 Attempt(s) - 80.00%
- Score 0 goal in Penalty Kill
Flames - 2 on 3 Attempt(s) - 66.67%
- Score 0 goal in Penalty Kill
Team Stat
Sharks - Hits : 19 - Faceoff Wins : 30 - Blocked Shots : 7 - Penalty Minutes : 10
Flames - Hits : 25 - Faceoff Wins : 34 - Blocked Shots : 5 - Penalty Minutes : 6
Official
Referees : Ghislain Hebert and Beaudry Halkidis
Linesman : Brandon Gawryletz and Shandor Alphonso
Game Notes
No Game Note
Finance
Level 1 -- Attendance: 5510 (91.83%) -- Ticket Income $551,000
Level 2 -- Attendance: 5000 (100.00%) -- Ticket Income $300,000
Level 3 -- Attendance: 1929 (96.45%) -- Ticket Income $67,515
Level 4 -- Attendance: 3692 (92.30%) -- Ticket Income $92,300
Luxury Box -- Attendance: 1000 (100.00%) -- Ticket Income $200,000
Game was played at the Scotiabank Saddledome.
Total Attendance: 17131 (95.17%)
Total Ticket Income: $1,210,815
Other Income: $181,622
Total Income: $1,392,437
Sharks
5 vs 5 Forward
Center Left Wing Right Wing Time % Phy DF OF
1 Gilbert Brule Nick Palmieri Corey Perry 40 1 2 2
2 Brandon Dubinsky Milan Michalek David Booth 30 1 2 2
3 Boone Jenner Zach Boychuk Bobby Butler 20 1 2 2
4 Corban Knight David Booth Oskar Osala 10 1 2 2
5 vs 5 Defense
Defense Defense Time % Phy DF OF
1 Drew Doughty Dion Phaneuf 40 1 2 2
2 Tyler Cuma Karl Alzner 30 1 2 2
3 Steve Eminger Brayden McNabb 20 2 2 1
4 Patrick Wey Drew Doughty 10 1 2 2
PowerPlay Forward
Center Left Wing Right Wing Time % Phy DF OF
1 Gilbert Brule Nick Palmieri Corey Perry 60 1 2 2
2 Brandon Dubinsky Milan Michalek David Booth 40 1 2 2
PowerPlay Defense
Defense Defense Time % Phy DF OF
1 Drew Doughty Dion Phaneuf 60 1 2 2
2 Tyler Cuma Karl Alzner 40 1 2 2
Penalty Kill 4 Players Forward
Center Wing Time % Phy DF OF
1 Gilbert Brule David Booth 60 2 3 0
2 Brandon Dubinsky Milan Michalek 40 2 3 0
Penalty Kill 4 Players Defense
Defense Defense Time % Phy DF OF
1 Drew Doughty Dion Phaneuf 60 2 3 0
2 Tyler Cuma Karl Alzner 40 2 3 0
Penalty Kill - 3 Players Forward
Forward Time % Phy DF OF
1 Gilbert Brule 60 2 3 0
2 Brandon Dubinsky 40 2 3 0
Penalty Kill - 3 Players Defense
Defense Defense Time % Phy DF OF
1 Drew Doughty Dion Phaneuf 60 2 3 0
2 Tyler Cuma Karl Alzner 40 2 3 0
4 vs 4 Forward
Center Wing Time % Phy DF OF
1 Gilbert Brule David Booth 60 1 2 2
2 Brandon Dubinsky Nick Palmieri 40 1 2 2
4 vs 4 Defense
Defense Defense Time % Phy DF OF
1 Drew Doughty Dion Phaneuf 60 1 2 2
2 Tyler Cuma Karl Alzner 40 1 2 2
Last Minutes Offensive
Center Left Wing Right Wing Defense Defense
Gilbert Brule Nick Palmieri Corey Perry Drew Doughty Dion Phaneuf
Last Minutes Defensive
Center Left Wing Right Wing Defense Defense
Gilbert Brule David Booth Corey Perry Drew Doughty Dion Phaneuf
Goaltenders
Starting : Ryan Miller
Backup : Keith Kinkaid
Extra Forwards
Normal : Milan Michalek, Brandon Dubinsky, Boone Jenner - PP : Milan Michalek, Brandon Dubinsky - PK : Milan Michalek
Extra Defensemen
Normal : Steve Eminger, Brayden McNabb, Patrick Wey - PP : Steve Eminger - PK : Steve Eminger, Brayden McNabb
Penalty Shots
Corey Perry, Gilbert Brule, Nick Palmieri, David Booth, Milan Michalek
Scratches
J.T. Brown (Healthy)
Flames
5 vs 5 Forward
Center Left Wing Right Wing Time % Phy DF OF
1 Eric Staal Alexander Semin David Backes 40 1 2 2
2 Patrik Berglund Brad Marchand Jimmy Hayes 30 1 2 2
3 Colin Wilson Tanner Pearson Bryan Rust 20 1 2 2
4 Anders Lee David Ullstrom Kyle Palmieri 10 1 2 2
5 vs 5 Defense
Defense Defense Time % Phy DF OF
1 Erik Johnson Sami Vatanen 40 1 2 2
2 Esa Lindell Christian Folin 31 1 2 2
3 David Savard Brendan Mikkelson 22 1 2 2
4 Erik Johnson Brendan Mikkelson 7 1 2 2
PowerPlay Forward
Center Left Wing Right Wing Time % Phy DF OF
1 Eric Staal Alexander Semin David Backes 60 1 1 3
2 Patrik Berglund Tanner Pearson Jimmy Hayes 40 1 2 2
PowerPlay Defense
Defense Defense Time % Phy DF OF
1 Erik Johnson Sami Vatanen 60 1 1 3
2 Esa Lindell Christian Folin 40 1 2 2
Penalty Kill 4 Players Forward
Center Wing Time % Phy DF OF
1 Patrik Berglund Bryan Rust 60 1 2 2
2 Eric Staal Kyle Palmieri 40 1 2 2
Penalty Kill 4 Players Defense
Defense Defense Time % Phy DF OF
1 Erik Johnson Brendan Mikkelson 60 1 2 2
2 David Savard Christian Folin 40 1 2 2
Penalty Kill - 3 Players Forward
Forward Time % Phy DF OF
1 Brad Marchand 60 1 2 2
2 Bryan Rust 40 1 2 2
Penalty Kill - 3 Players Defense
Defense Defense Time % Phy DF OF
1 Erik Johnson Brendan Mikkelson 60 1 2 2
2 David Savard Christian Folin 40 1 2 2
4 vs 4 Forward
Center Wing Time % Phy DF OF
1 Eric Staal David Backes 60 1 2 2
2 Patrik Berglund Alexander Semin 40 1 2 2
4 vs 4 Defense
Defense Defense Time % Phy DF OF
1 Erik Johnson Sami Vatanen 60 1 2 2
2 Esa Lindell Christian Folin 40 1 2 2
Last Minutes Offensive
Center Left Wing Right Wing Defense Defense
Eric Staal Alexander Semin David Backes Erik Johnson Sami Vatanen
Last Minutes Defensive
Center Left Wing Right Wing Defense Defense
Eric Staal Alexander Semin David Backes Erik Johnson Sami Vatanen
Goaltenders
Starting : Henrik Lundqvist
Backup : Christopher Gibson
Extra Forwards
Normal : Brad Marchand, Bryan Rust, Colin Wilson - PP : Tanner Pearson, Colin Wilson - PK : Alexander Semin
Extra Defensemen
Normal : Esa Lindell, Christian Folin, Brendan Mikkelson - PP : Esa Lindell - PK : Christian Folin, Brendan Mikkelson
Penalty Shots
Eric Staal, Alexander Semin, Tanner Pearson, Patrik Berglund, Anders Lee
Scratches
Colby Robak (Healthy), Vladimir Sobotka (Healthy)
% Time on Ice - Sharks
Lines # - Real PCT - Wanted PCT - Time Play
Normal Forward
1 - 36% - 40% - 17:30
2 - 24% - 30% - 11:33
3 - 27% - 20% - 13:00
4 - 12% - 10% - 6:00
Normal Defense
1 - 39% - 40% - 18:37
2 - 32% - 30% - 15:21
3 - 24% - 20% - 11:28
4 - 5% - 10% - 2:37
PP Forward
1 - 60% - 60% - 2:30
2 - 40% - 40% - 1:40
PP Defense
1 - 78% - 60% - 3:15
2 - 22% - 40% - 0:55
PK Forward
1 - 75% - 60% - 5:48
2 - 25% - 40% - 1:59
PK Defense
1 - 64% - 60% - 5:01
2 - 36% - 40% - 2:46
PK3 Forward
1 - 0% - 60%
2 - 0% - 40%
PK3 Defense
1 - 0% - 60%
2 - 0% - 40%
44 Forward
1 - 0% - 60%
2 - 0% - 40%
44 Defense
1 - 0% - 60%
2 - 0% - 40%
Last Minute Offensive - 0:00
Last Minute Defensive - 0:00
Total
Forward - 60:00
Defense - 60:00
|
% Time on Ice - Flames
Lines # - Real PCT - Wanted PCT - Time Play
Normal Forward
1 - 34% - 40% - 16:21
2 - 26% - 30% - 12:23
3 - 22% - 20% - 10:23
4 - 19% - 10% - 8:56
Normal Defense
1 - 38% - 40% - 18:23
2 - 33% - 31% - 15:59
3 - 22% - 22% - 10:33
4 - 7% - 7% - 3:08
PP Forward
1 - 58% - 60% - 4:32
2 - 42% - 40% - 3:15
PP Defense
1 - 67% - 60% - 5:12
2 - 33% - 40% - 2:35
PK Forward
1 - 78% - 60% - 3:16
2 - 22% - 40% - 0:54
PK Defense
1 - 71% - 60% - 2:58
2 - 29% - 40% - 1:12
PK3 Forward
1 - 0% - 60%
2 - 0% - 40%
PK3 Defense
1 - 0% - 60%
2 - 0% - 40%
44 Forward
1 - 0% - 60%
2 - 0% - 40%
44 Defense
1 - 0% - 60%
2 - 0% - 40%
Last Minute Offensive - 0:00
Last Minute Defensive - 0:00
Total
Forward - 60:00
Defense - 60:00
|
Play-by-Play
1st period
0:01 of 1st period - Gilbert Brule wins face-off versus Eric Staal in neutral zone.
0:33 of 1st period - Wrist shot by Patrik Berglund.
0:33 of 1st period - Stopped by Ryan Miller without a rebound.
0:34 of 1st period - Colin Wilson wins face-off versus Boone Jenner in Sharks zone.
0:50 of 1st period - Wrist shot by Bobby Butler.
0:50 of 1st period - Shot Misses the Net.
1:24 of 1st period - Wrist shot by David Backes.
1:24 of 1st period - Stopped by Ryan Miller without a rebound.
1:25 of 1st period - Brandon Dubinsky wins face-off versus Eric Staal in Sharks zone.
1:40 of 1st period - Slapshot by Alexander Semin.
1:40 of 1st period - Shot Misses the Net.
1:42 of 1st period - Slapshot by David Savard.
1:42 of 1st period - Shot Misses the Net.
1:44 of 1st period - Slapshot by Eric Staal.
1:44 of 1st period - Shot Misses the Net.
2:07 of 1st period - Wrist shot by David Backes.
2:07 of 1st period - Stopped by Ryan Miller with a rebound.
3:19 of 1st period - Slapshot by Drew Doughty.
3:19 of 1st period - Stopped by Henrik Lundqvist without a rebound.
3:20 of 1st period - Jimmy Hayes wins face-off versus Corey Perry in Flames zone.
3:47 of 1st period - Bryan Rust is hit by Zach Boychuk and loses puck.
4:20 of 1st period - Kyle Palmieri is hit by Karl Alzner and loses puck.
4:35 of 1st period - Steve Eminger is hit by Jimmy Hayes and loses puck.
5:18 of 1st period - Karl Alzner is hit by Jimmy Hayes and loses puck.
5:35 of 1st period - Bobby Butler is hit by David Savard and loses puck.
5:48 of 1st period - Bryan Rust is hit by Corban Knight and loses puck.
6:09 of 1st period - Wrist shot by Anders Lee.
6:09 of 1st period - Stopped by Ryan Miller with a rebound.
7:29 of 1st period - Icing by Erik Johnson.
7:30 of 1st period - Anders Lee wins face-off versus Boone Jenner in Flames zone.
7:30 of 1st period - Anders Lee is hit by Zach Boychuk.
7:48 of 1st period - David Booth is hit by Eric Staal and loses puck.
8:09 of 1st period - Brayden McNabb is hit by Brad Marchand and loses puck.
8:44 of 1st period - Tyler Cuma is hit by Tanner Pearson and loses puck.
9:10 of 1st period - Icing by Brendan Mikkelson.
9:11 of 1st period - Eric Staal wins face-off versus Boone Jenner in Flames zone.
9:36 of 1st period - David Backes is hit by Dion Phaneuf and loses puck.
10:09 of 1st period - Slapshot by Drew Doughty.
10:09 of 1st period - Deflect By Bobby Butler.
10:09 of 1st period - Stopped by Henrik Lundqvist without a rebound.
10:10 of 1st period - Patrik Berglund wins face-off versus Gilbert Brule in Flames zone.
10:15 of 1st period - Slapshot by Erik Johnson.
10:15 of 1st period - Stopped by Ryan Miller without a rebound.
10:16 of 1st period - Patrik Berglund wins face-off versus Corey Perry in Sharks zone.
10:17 of 1st period - Snap shot by Brad Marchand.
10:17 of 1st period - Shot Misses the Net.
10:19 of 1st period - Slapshot by Erik Johnson.
10:19 of 1st period - Shot Misses the Net.
10:21 of 1st period - Wrist shot by Brad Marchand.
10:21 of 1st period - Stopped by Ryan Miller without a rebound.
10:22 of 1st period - Gilbert Brule wins face-off versus Patrik Berglund in Sharks zone.
10:49 of 1st period - Dion Phaneuf is hit by David Ullstrom and loses puck.
11:08 of 1st period - Minor Penalty to Brandon Dubinsky for Tripping.
11:09 of 1st period - Eric Staal wins face-off versus Gilbert Brule in Sharks zone.
11:20 of 1st period - Snap shot by Eric Staal.
11:20 of 1st period - Stopped by Ryan Miller without a rebound.
11:21 of 1st period - Eric Staal wins face-off versus Gilbert Brule in Sharks zone.
11:36 of 1st period - Slapshot by David Backes.
11:36 of 1st period - Stopped by Ryan Miller without a rebound.
11:37 of 1st period - Gilbert Brule wins face-off versus Eric Staal in Sharks zone.
13:08 of 1st period - Penalty to Brandon Dubinsky is over, Brandon Dubinsky is back on ice.
13:13 of 1st period - Boone Jenner is hit by David Backes and loses puck.
13:33 of 1st period - Off-side.
13:34 of 1st period - Corban Knight wins face-off versus Colin Wilson in neutral zone.
14:07 of 1st period - Jimmy Hayes is hit by Bobby Butler and loses puck.
14:28 of 1st period - Snap shot by Eric Staal.
14:28 of 1st period - Stopped by Ryan Miller without a rebound.
14:29 of 1st period - Eric Staal wins face-off versus Brandon Dubinsky in Sharks zone.
14:40 of 1st period - Alexander Semin is hit by Brandon Dubinsky and loses puck.
14:59 of 1st period - Wrist shot by Colin Wilson.
14:59 of 1st period - Shot Misses the Net.
15:08 of 1st period - Icing by Tanner Pearson.
15:09 of 1st period - Anders Lee wins face-off versus Boone Jenner in Flames zone.
15:13 of 1st period - Off-side.
15:14 of 1st period - Boone Jenner wins face-off versus Anders Lee in neutral zone.
15:35 of 1st period - Slapshot by Anders Lee.
15:35 of 1st period - Shot Blocked by Dion Phaneuf.
15:37 of 1st period - Wrist shot by Kyle Palmieri.
15:37 of 1st period - Stopped by Ryan Miller without a rebound.
15:38 of 1st period - Eric Staal wins face-off versus Gilbert Brule in Sharks zone.
15:41 of 1st period - Wrist shot by David Backes.
15:41 of 1st period - Shot Blocked by Gilbert Brule.
16:05 of 1st period - Slapshot by Eric Staal.
16:05 of 1st period - Deflect By Jimmy Hayes.
16:05 of 1st period - Goal by Jimmy Hayes - Sharks : 0 - Flames : 1.
16:06 of 1st period - Patrik Berglund wins face-off versus Gilbert Brule in neutral zone.
16:09 of 1st period - Nick Palmieri is hit by Jimmy Hayes and loses puck.
17:35 of 1st period - Tanner Pearson is hit by Corban Knight and loses puck.
17:46 of 1st period - Slapshot by Colin Wilson.
17:46 of 1st period - Shot Misses the Net.
17:58 of 1st period - Slapshot by Sami Vatanen.
17:58 of 1st period - Shot Misses the Net.
18:00 of 1st period - Slapshot by Sami Vatanen.
18:00 of 1st period - Stopped by Ryan Miller with a rebound.
18:04 of 1st period - Slapshot by David Backes.
18:04 of 1st period - Shot Misses the Net.
18:06 of 1st period - Wrist shot by Eric Staal.
18:06 of 1st period - Stopped by Ryan Miller without a rebound.
18:07 of 1st period - Gilbert Brule wins face-off versus Patrik Berglund in Sharks zone.
18:36 of 1st period - Wrist shot by Brandon Dubinsky.
18:36 of 1st period - Shot Blocked by Brendan Mikkelson.
18:38 of 1st period - Snap shot by Brandon Dubinsky.
18:38 of 1st period - Deflect By Brendan Mikkelson.
18:38 of 1st period - Stopped by Henrik Lundqvist with a rebound.
18:40 of 1st period - Snap shot by Brandon Dubinsky.
18:40 of 1st period - Deflect By Milan Michalek.
18:40 of 1st period - Stopped by Henrik Lundqvist with a rebound.
18:42 of 1st period - Snap shot by David Booth.
18:42 of 1st period - Shot Misses the Net.
18:44 of 1st period - Wrist shot by Milan Michalek.
18:44 of 1st period - Shot Misses the Net.
18:46 of 1st period - Wrist shot by David Booth.
18:46 of 1st period - Stopped by Henrik Lundqvist with a rebound.
19:34 of 1st period - Wrist shot by Nick Palmieri.
19:34 of 1st period - Shot Misses the Net.
19:42 of 1st period - Snap shot by Jimmy Hayes.
19:42 of 1st period - Stopped by Ryan Miller without a rebound.
19:43 of 1st period - Boone Jenner wins face-off versus Eric Staal in Sharks zone.
19:58 of 1st period - Backhand shot by Zach Boychuk.
19:58 of 1st period - Shot Misses the Net.
Goals for this period are 0 for Sharks vs 1 for Flames.
Shots for this period are 5 for Sharks vs 14 for Flames.
2nd period
0:01 of 2nd period - Eric Staal wins face-off versus Gilbert Brule in neutral zone.
0:15 of 2nd period - Wrist shot by Gilbert Brule.
0:15 of 2nd period - Shot Misses the Net.
0:17 of 2nd period - Slapshot by Gilbert Brule.
0:17 of 2nd period - Shot Misses the Net.
0:36 of 2nd period - Snap shot by Patrik Berglund.
0:36 of 2nd period - Stopped by Ryan Miller with a rebound.
0:38 of 2nd period - Wrist shot by Jimmy Hayes.
0:38 of 2nd period - Stopped by Ryan Miller with a rebound.
0:40 of 2nd period - Snap shot by Brad Marchand.
0:40 of 2nd period - Stopped by Ryan Miller without a rebound.
0:41 of 2nd period - Gilbert Brule wins face-off versus Colin Wilson in Sharks zone.
1:24 of 2nd period - Snap shot by Corey Perry.
1:24 of 2nd period - Stopped by Henrik Lundqvist with a rebound.
1:26 of 2nd period - Slapshot by Tyler Cuma.
1:26 of 2nd period - Stopped by Henrik Lundqvist without a rebound.
1:27 of 2nd period - Eric Staal wins face-off versus Brandon Dubinsky in Flames zone.
1:38 of 2nd period - Wrist shot by Eric Staal.
1:38 of 2nd period - Shot Misses the Net.
2:25 of 2nd period - Wrist shot by Tanner Pearson.
2:25 of 2nd period - Shot Misses the Net.
2:32 of 2nd period - Icing by Drew Doughty.
2:33 of 2nd period - Eric Staal wins face-off versus Corban Knight in Sharks zone.
2:36 of 2nd period - Wrist shot by David Backes.
2:36 of 2nd period - Stopped by Ryan Miller without a rebound.
2:37 of 2nd period - Eric Staal wins face-off versus Gilbert Brule in Sharks zone.
2:59 of 2nd period - Minor Penalty to Nick Palmieri for Interference.
3:00 of 2nd period - Alexander Semin wins face-off versus Gilbert Brule in Sharks zone.
3:15 of 2nd period - Wrist shot by David Backes.
3:15 of 2nd period - Stopped by Ryan Miller without a rebound.
3:16 of 2nd period - Gilbert Brule wins face-off versus Eric Staal in Sharks zone.
3:31 of 2nd period - Wrist shot by David Backes.
3:31 of 2nd period - Stopped by Ryan Miller without a rebound.
3:32 of 2nd period - Gilbert Brule wins face-off versus Patrik Berglund in Sharks zone.
3:57 of 2nd period - David Booth is hit by Alexander Semin and loses puck.
4:40 of 2nd period - Tanner Pearson is hit by Boone Jenner and loses puck.
4:59 of 2nd period - Penalty to Nick Palmieri is over, Nick Palmieri is back on ice.
5:35 of 2nd period - Brayden McNabb is hit by Sami Vatanen and loses puck.
5:52 of 2nd period - Brendan Mikkelson is hit by Corey Perry.
5:58 of 2nd period - Tanner Pearson is hit by Nick Palmieri and loses puck.
6:47 of 2nd period - Gilbert Brule is hit by Kyle Palmieri.
7:32 of 2nd period - Minor Penalty to Erik Johnson for Hooking.
7:33 of 2nd period - Corey Perry wins face-off versus Patrik Berglund in Flames zone.
7:44 of 2nd period - Slapshot by Drew Doughty.
7:44 of 2nd period - Goal by Drew Doughty - Sharks : 1 - Flames : 1.
7:45 of 2nd period - Brandon Dubinsky wins face-off versus Eric Staal in neutral zone.
7:56 of 2nd period - Snap shot by Eric Staal.
7:56 of 2nd period - Stopped by Ryan Miller with a rebound.
7:58 of 2nd period - Snap shot by David Backes.
7:58 of 2nd period - Shot Blocked by Brandon Dubinsky.
8:00 of 2nd period - Slapshot by Erik Johnson.
8:00 of 2nd period - Deflect By David Backes.
8:00 of 2nd period - Shot Misses the Net.
8:00 of 2nd period - Puck is out of play.
8:01 of 2nd period - Patrik Berglund wins face-off versus Gilbert Brule in Sharks zone.
8:02 of 2nd period - Snap shot by Brad Marchand.
8:02 of 2nd period - Stopped by Ryan Miller without a rebound.
8:03 of 2nd period - Gilbert Brule wins face-off versus Patrik Berglund in Sharks zone.
8:28 of 2nd period - Dion Phaneuf is hit by Sami Vatanen and loses puck.
8:49 of 2nd period - Slapshot by David Ullstrom.
8:49 of 2nd period - Shot Misses the Net.
9:37 of 2nd period - Wrist shot by Nick Palmieri.
9:37 of 2nd period - Stopped by Henrik Lundqvist with a rebound.
9:39 of 2nd period - Wrist shot by Corey Perry.
9:39 of 2nd period - Shot Misses the Net.
9:41 of 2nd period - Wrist shot by Gilbert Brule.
9:41 of 2nd period - Stopped by Henrik Lundqvist without a rebound.
9:42 of 2nd period - Eric Staal wins face-off versus Gilbert Brule in Flames zone.
9:49 of 2nd period - Snap shot by Nick Palmieri.
9:49 of 2nd period - Shot Misses the Net.
10:21 of 2nd period - Backhand shot by Tyler Cuma.
10:21 of 2nd period - Shot Misses the Net.
10:47 of 2nd period - Slapshot by Esa Lindell.
10:47 of 2nd period - Stopped by Ryan Miller without a rebound.
10:48 of 2nd period - Boone Jenner wins face-off versus Anders Lee in Sharks zone.
11:12 of 2nd period - Icing by Steve Eminger.
11:13 of 2nd period - Gilbert Brule wins face-off versus Eric Staal in Sharks zone.
11:22 of 2nd period - Snap shot by Corey Perry.
11:22 of 2nd period - Shot Hit the Post.
11:56 of 2nd period - Icing by Drew Doughty.
11:57 of 2nd period - Boone Jenner wins face-off versus Colin Wilson in Sharks zone.
12:02 of 2nd period - Snap shot by Drew Doughty.
12:02 of 2nd period - Stopped by Henrik Lundqvist with a rebound.
12:04 of 2nd period - Snap shot by Bobby Butler.
12:04 of 2nd period - Shot Misses the Net.
12:06 of 2nd period - Slapshot by Drew Doughty.
12:06 of 2nd period - Shot Misses the Net.
12:22 of 2nd period - Karl Alzner is hit by Alexander Semin and loses puck.
12:30 of 2nd period - Minor Penalty to David Backes for Interference.
12:31 of 2nd period - Patrik Berglund wins face-off versus Gilbert Brule in Flames zone.
12:39 of 2nd period - Slapshot by Drew Doughty.
12:39 of 2nd period - Stopped by Henrik Lundqvist without a rebound.
12:40 of 2nd period - Patrik Berglund wins face-off versus Nick Palmieri in Flames zone.
12:50 of 2nd period - Wrist shot by Gilbert Brule.
12:50 of 2nd period - Shot Misses the Net.
13:18 of 2nd period - Slapshot by Drew Doughty.
13:18 of 2nd period - Shot Blocked by Patrik Berglund.
13:20 of 2nd period - Slapshot by Drew Doughty.
13:20 of 2nd period - Stopped by Henrik Lundqvist without a rebound.
13:21 of 2nd period - Milan Michalek wins face-off versus Patrik Berglund in Flames zone.
13:32 of 2nd period - Snap shot by Brandon Dubinsky.
13:32 of 2nd period - Shot Misses the Net.
13:34 of 2nd period - Slapshot by Tyler Cuma.
13:34 of 2nd period - Deflect By Brandon Dubinsky.
13:34 of 2nd period - Shot Blocked by Christian Folin.
13:34 of 2nd period - Puck is out of play.
13:35 of 2nd period - Brandon Dubinsky wins face-off versus Patrik Berglund in Flames zone.
13:46 of 2nd period - Slapshot by Brandon Dubinsky.
13:46 of 2nd period - Stopped by Henrik Lundqvist without a rebound.
13:47 of 2nd period - Patrik Berglund wins face-off versus Gilbert Brule in Flames zone.
13:56 of 2nd period - Wrist shot by Drew Doughty.
13:56 of 2nd period - Shot Blocked by Kyle Palmieri.
14:30 of 2nd period - Penalty to David Backes is over, David Backes is back on ice.
14:51 of 2nd period - Snap shot by Boone Jenner.
14:51 of 2nd period - Shot Misses the Net.
14:53 of 2nd period - Wrist shot by Boone Jenner.
14:53 of 2nd period - Stopped by Henrik Lundqvist with a rebound.
15:51 of 2nd period - Slapshot by Christian Folin.
15:51 of 2nd period - Stopped by Ryan Miller with a rebound.
16:19 of 2nd period - Wrist shot by Boone Jenner.
16:19 of 2nd period - Deflect By Zach Boychuk.
16:19 of 2nd period - Stopped by Henrik Lundqvist with a rebound.
16:21 of 2nd period - Wrist shot by Karl Alzner.
16:21 of 2nd period - Deflect By Zach Boychuk.
16:21 of 2nd period - Shot Misses the Net.
16:21 of 2nd period - Puck is out of play.
16:22 of 2nd period - Gilbert Brule wins face-off versus Eric Staal in Flames zone.
16:23 of 2nd period - Slapshot by Corey Perry.
16:23 of 2nd period - Shot Blocked by Sami Vatanen.
16:35 of 2nd period - Snap shot by Eric Staal.
16:35 of 2nd period - Shot Misses the Net.
16:37 of 2nd period - Slapshot by David Backes.
16:37 of 2nd period - Stopped by Ryan Miller without a rebound.
16:38 of 2nd period - Patrik Berglund wins face-off versus Brandon Dubinsky in Sharks zone.
17:22 of 2nd period - Snap shot by Brandon Dubinsky.
17:22 of 2nd period - Stopped by Henrik Lundqvist without a rebound.
17:23 of 2nd period - David Backes wins face-off versus Gilbert Brule in Flames zone.
17:23 of 2nd period - David Backes is hit by Gilbert Brule.
17:52 of 2nd period - Boone Jenner is hit by David Savard and loses puck.
18:37 of 2nd period - Wrist shot by Kyle Palmieri.
18:37 of 2nd period - Deflect By Anders Lee.
18:37 of 2nd period - Shot Blocked by Drew Doughty.
18:37 of 2nd period - Puck is out of play.
18:38 of 2nd period - Boone Jenner wins face-off versus Anders Lee in Sharks zone.
18:52 of 2nd period - Christian Folin is hit by Boone Jenner and loses puck.
Goals for this period are 1 for Sharks vs 0 for Flames.
Shots for this period are 12 for Sharks vs 11 for Flames.
3rd period
0:01 of 3rd period - Gilbert Brule wins face-off versus Eric Staal in neutral zone.
0:01 of 3rd period - Gilbert Brule is hit by David Backes.
1:37 of 3rd period - Slapshot by Tyler Cuma.
1:37 of 3rd period - Deflect By Boone Jenner.
1:37 of 3rd period - Stopped by Henrik Lundqvist without a rebound.
1:38 of 3rd period - Eric Staal wins face-off versus Gilbert Brule in Flames zone.
1:52 of 3rd period - Snap shot by David Backes.
1:52 of 3rd period - Goal by David Backes - Sharks : 1 - Flames : 2.
1:53 of 3rd period - Gilbert Brule wins face-off versus Eric Staal in neutral zone.
2:16 of 3rd period - Minor Penalty to Alexander Semin for Hooking.
2:17 of 3rd period - Gilbert Brule wins face-off versus Patrik Berglund in Flames zone.
2:44 of 3rd period - Brendan Mikkelson is hit by Milan Michalek and loses puck.
4:16 of 3rd period - Penalty to Alexander Semin is over, Alexander Semin is back on ice.
5:23 of 3rd period - Oskar Osala is hit by Christian Folin.
5:39 of 3rd period - Snap shot by Kyle Palmieri.
5:39 of 3rd period - Stopped by Ryan Miller without a rebound.
5:40 of 3rd period - Corey Perry wins face-off versus Anders Lee in Sharks zone.
6:07 of 3rd period - Patrik Berglund is hit by Gilbert Brule and loses puck.
6:34 of 3rd period - Eric Staal is hit by Tyler Cuma and loses puck.
8:17 of 3rd period - Snap shot by Kyle Palmieri.
8:17 of 3rd period - Shot Misses the Net.
8:19 of 3rd period - Slapshot by Erik Johnson.
8:19 of 3rd period - Shot Misses the Net.
8:21 of 3rd period - Slapshot by Kyle Palmieri.
8:21 of 3rd period - Stopped by Ryan Miller without a rebound.
8:22 of 3rd period - Eric Staal wins face-off versus Gilbert Brule in Sharks zone.
8:23 of 3rd period - Snap shot by Alexander Semin.
8:23 of 3rd period - Shot Misses the Net.
8:35 of 3rd period - Wrist shot by Corey Perry.
8:35 of 3rd period - Shot Misses the Net.
8:37 of 3rd period - Slapshot by Dion Phaneuf.
8:37 of 3rd period - Stopped by Henrik Lundqvist with a rebound.
8:47 of 3rd period - Esa Lindell is hit by Bobby Butler.
8:51 of 3rd period - Bobby Butler is hit by Christian Folin and loses puck.
9:02 of 3rd period - Zach Boychuk is hit by Christian Folin and loses puck.
9:19 of 3rd period - Snap shot by Brandon Dubinsky.
9:19 of 3rd period - Stopped by Henrik Lundqvist without a rebound.
9:20 of 3rd period - Eric Staal wins face-off versus Brandon Dubinsky in Flames zone.
9:25 of 3rd period - Snap shot by Brandon Dubinsky.
9:25 of 3rd period - Shot Misses the Net.
10:02 of 3rd period - Sami Vatanen is hit by Corey Perry and loses puck.
10:19 of 3rd period - Snap shot by Brad Marchand.
10:19 of 3rd period - Shot Misses the Net.
10:21 of 3rd period - Slapshot by Patrik Berglund.
10:21 of 3rd period - Stopped by Ryan Miller with a rebound.
10:23 of 3rd period - Snap shot by Jimmy Hayes.
10:23 of 3rd period - Deflect By Patrik Berglund.
10:23 of 3rd period - Stopped by Ryan Miller without a rebound.
10:24 of 3rd period - Brandon Dubinsky wins face-off versus Eric Staal in Sharks zone.
10:26 of 3rd period - Minor Penalty to Brandon Dubinsky for Hooking.
10:27 of 3rd period - Gilbert Brule wins face-off versus David Backes in Sharks zone.
10:57 of 3rd period - Snap shot by Jimmy Hayes.
10:57 of 3rd period - Shot Blocked by Dion Phaneuf.
10:59 of 3rd period - Wrist shot by Patrik Berglund.
10:59 of 3rd period - Shot Misses the Net.
11:19 of 3rd period - Slapshot by Tyler Cuma.
11:19 of 3rd period - Stopped by Henrik Lundqvist with a rebound.
11:21 of 3rd period - Slapshot by Tyler Cuma.
11:21 of 3rd period - Stopped by Henrik Lundqvist with a rebound.
11:23 of 3rd period - Wrist shot by Karl Alzner.
11:23 of 3rd period - Deflect By Boone Jenner.
11:23 of 3rd period - Shot Misses the Net.
11:23 of 3rd period - Puck is out of play.
11:24 of 3rd period - Patrik Berglund wins face-off versus Gilbert Brule in Flames zone.
11:49 of 3rd period - Tyler Cuma is hit by David Backes and loses puck.
12:26 of 3rd period - Penalty to Brandon Dubinsky is over, Brandon Dubinsky is back on ice.
12:54 of 3rd period - Wrist shot by Colin Wilson.
12:54 of 3rd period - Shot Blocked by Drew Doughty.
13:07 of 3rd period - Drew Doughty is hit by Brendan Mikkelson and loses puck.
14:52 of 3rd period - David Booth is hit by David Backes and loses puck.
14:57 of 3rd period - Snap shot by Eric Staal.
14:57 of 3rd period - Shot Blocked by Brandon Dubinsky.
14:59 of 3rd period - Wrist shot by Eric Staal.
14:59 of 3rd period - Stopped by Ryan Miller with a rebound.
15:01 of 3rd period - Wrist shot by David Backes.
15:01 of 3rd period - Stopped by Ryan Miller with a rebound.
15:03 of 3rd period - Wrist shot by Alexander Semin.
15:03 of 3rd period - Stopped by Ryan Miller without a rebound.
15:04 of 3rd period - Colin Wilson wins face-off versus Brandon Dubinsky in Sharks zone.
15:13 of 3rd period - Snap shot by Bryan Rust.
15:13 of 3rd period - Shot Misses the Net.
15:41 of 3rd period - Boone Jenner is hit by Jimmy Hayes and loses puck.
16:00 of 3rd period - Milan Michalek is hit by Eric Staal and loses puck.
16:33 of 3rd period - Jimmy Hayes is hit by Drew Doughty and loses puck.
16:50 of 3rd period - Wrist shot by Colin Wilson.
16:50 of 3rd period - Stopped by Ryan Miller with a rebound.
16:56 of 3rd period - Snap shot by Colin Wilson.
16:56 of 3rd period - Stopped by Ryan Miller without a rebound.
16:57 of 3rd period - Gilbert Brule wins face-off versus Eric Staal in Sharks zone.
17:08 of 3rd period - Wrist shot by Gilbert Brule.
17:08 of 3rd period - Stopped by Henrik Lundqvist with a rebound.
17:35 of 3rd period - Snap shot by Jimmy Hayes.
17:35 of 3rd period - Goal by Jimmy Hayes - Sharks : 1 - Flames : 3.
17:36 of 3rd period - Gilbert Brule wins face-off versus Colin Wilson in neutral zone.
17:54 of 3rd period - Minor Penalty to Nick Palmieri for Hooking.
17:55 of 3rd period - Eric Staal wins face-off versus David Booth in Sharks zone.
18:48 of 3rd period - Icing by Eric Staal.
18:49 of 3rd period - Eric Staal wins face-off versus Brandon Dubinsky in Flames zone.
18:55 of 3rd period - Off-side.
18:56 of 3rd period - Patrik Berglund wins face-off versus Gilbert Brule in neutral zone.
19:07 of 3rd period - Snap shot by Tanner Pearson.
19:07 of 3rd period - Goal by Tanner Pearson - Sharks : 1 - Flames : 4.
19:08 of 3rd period - Gilbert Brule wins face-off versus Eric Staal in neutral zone.
19:19 of 3rd period - Snap shot by Eric Staal.
19:19 of 3rd period - Deflect By David Backes.
19:19 of 3rd period - Shot Misses the Net.
19:19 of 3rd period - Puck is out of play.
19:20 of 3rd period - Eric Staal wins face-off versus Gilbert Brule in Sharks zone.
19:22 of 3rd period - Minor Penalty to Dion Phaneuf for Hooking.
19:23 of 3rd period - Eric Staal wins face-off versus Gilbert Brule in Sharks zone.
19:49 of 3rd period - Gilbert Brule is hit by Erik Johnson and loses puck.
Goals for this period are 0 for Sharks vs 3 for Flames.
Shots for this period are 6 for Sharks vs 12 for Flames.
Output by the SimonT Hockey Simulator (STHS) for Francois Prevost